 Dungeon Crawl Stone Soup version 0.18.1-48-g4cf74bf (webtiles) character file.

179 atgrul the Digger (level 5, -13/28 HPs)
             Began as a Gargoyle Earth Elementalist on July 4, 2016.
             Killed by divine providence
             ... invoked by an orc priest
              (14 damage)
             ... on level 4 of the Dungeon.
             The game lasted 00:24:26 (3981 turns).

atgrul the Digger (Gargoyle Earth Elementalist)     Turns: 3981, Time: 00:24:26

Health: -13/28     AC:  8    Str: 12    XL:     5   Next: 59%
Magic:  1/10       EV: 12    Int: 16    God:
Gold:   133        SH:  0    Dex: 10    Spells: 3 memorised, 1 level left

rFire  . . .     SeeInvis .     s - +1 dagger (pain)
rCold  . . .     Gourm    .     r - +0 robe
rNeg   + . .     Faith    .     (no shield)
rPois  ∞         Spirit   .     l - +0 helmet
rElec  +         Dismiss  .     (no cloak)
rCorr  .         Reflect  .     h - +0 pair of gloves
SustAt .         Harm     .     (no boots)
MR     .....                    (no amulet)
Stlth  ++........               (no ring)
                                (no ring)

@: not resistant to hostile enchantments, unstealthy
A: negative energy resistance 1, electricity resistance, unbreathing,
petrification resistance, rot immunity, AC +4
a: no special abilities


You were on level 4 of the Dungeon.
You were not hungry.

You visited 1 branch of the dungeon, and saw 4 of its levels.

You collected 133 gold pieces.

Inventory:

Hand Weapons
 f - a +0 dagger
 j - a +0 hunting sling
 s - a +1 dagger of pain (weapon)
Missiles
 b - 52 stones (quivered)
Armour
 a - a +0 robe
 h - a +0 pair of gloves (worn)
 l - a +0 helmet (worn)
 r - a +0 robe (worn)
Scrolls
 e - 2 scrolls of noise
 n - a scroll of teleportation
 o - a scroll of blinking {unknown}
 t - 2 scrolls of immolation {unknown}
 u - 2 scrolls of remove curse {unknown}
 v - 2 scrolls of fog {unknown}
 x - a scroll of enchant weapon {unknown}
Potions
 g - a potion of heal wounds
 i - a potion of ambrosia
 k - a potion of might
 p - a potion of degeneration {unknown}
 w - a potion of agility {unknown}
Books
 c - a book of Geomancy

   Spells                             Type                      Level
   a - Sandblast                      Earth                        1
   b - Passwall                       Transmutation/Earth          2
   c - Stone Arrow                    Conjuration/Earth            3
   d - Petrify                        Transmutation/Earth          4
   e - Lee's Rapid Deconstruction     Earth                        5
Comestibles
 d - 2 bread rations
 m - a beef jerky
 q - a royal jelly


   Skills:
 - Level 1.7 Dodging
 - Level 2.1 Stealth
 * Level 3.3 Spellcasting
   Level 0.7 Transmutations
 * Level 6.2 Earth Magic


You had one spell level left.
You knew the following spells:

 Your Spells              Type           Power        Failure   Level  Hunger
a - Sandblast             Erth           ###...       1%          1    None
b - Stone Arrow           Conj/Erth      ##....       17%         3    ###....
c - Lee's Rapid Deconstr  Erth           ###.......   38%         5    ######.


Dungeon Overview and Level Annotations

Branches:
Dungeon (4/15)
 Temple: D:4-7

Altars:
Ru

Shops:
D:4 !

Annotations:
D:2 Sigmund
D:4 Menkaure


Innate Abilities, Weirdness & Mutations

You are resistant to torment.
Your stone body is resilient (AC +4).
You are immune to poison.
You resist negative energy.
You are resistant to electric shocks.
You can survive without breathing.
You are immune to petrification.
You are immune to rotting.


Message History

You hit the orc priest but do no damage.
The orc priest is moderately wounded.
The orc priest hits you with a mace.
You hit the orc priest.
The orc priest is heavily wounded.
The orc priest hits you but does no damage.
You hit the orc priest but do no damage.
The orc priest is heavily wounded.
The orc priest hits you but does no damage.
You closely miss the orc priest.
The orc priest is heavily wounded.
The orc priest calls down the wrath of Beogh upon you.
Beogh smites you!
* * * LOW HITPOINT WARNING * * *
You closely miss the orc priest.
The orc priest is heavily wounded.
The orc priest invokes the aid of Beogh against you.
Beogh smites you!
Ouch! That really hurt!
You die...

##########
#.Zo@....#
#.######'#
#..........
#............
#..............
#..............
#..............
###............o.
....+ ...........


You could see an orc priest and a centaur skeleton.

Vanquished Creatures
  A hound (D:3)
  Jessica (D:3)
  A howler monkey skeleton (D:4)
  2 adders
  7 worms
  4 dart slugs
  3 giant geckos (D:2)
  4 orcs (D:4)
  3 giant cockroaches
  7 hobgoblins
  2 quokkas (D:2)
  2 ball pythons
  11 bats
  8 goblins
  6 kobolds
  A quokka skeleton (D:3)
  4 rats
67 creatures vanquished.

Notes
Turn   | Place    | Note
--------------------------------------------------------------
     0 | D:1      | atgrul the Gargoyle Earth Elementalist began the quest for the Orb.
     0 | D:1      | Reached XP level 1. HP: 10/10 MP: 3/3
   165 | D:1      | Reached skill level 4 in Earth Magic
   197 | D:1      | Reached XP level 2. HP: 11/15 MP: 0/5
  1116 | D:2      | Reached XP level 3. HP: 19/19 MP: 2/6
  1192 | D:2      | Reached skill level 5 in Earth Magic
  1246 | D:2      | Learned a level 3 spell: Stone Arrow
  1325 | D:2      | Noticed Sigmund
  1823 | D:2      | Reached XP level 4. HP: 15/24 MP: 1/7
  2459 | D:3      | Noticed Jessica
  2703 | D:3      | Killed Jessica
  2703 | D:3      | Reached skill level 6 in Earth Magic
  2703 | D:3      | Reached XP level 5. HP: 10/28 MP: 4/9
  3058 | D:3      | Learned a level 5 spell: Lee's Rapid Deconstruction
  3378 | D:4      | Found a sacrificial altar of Ru.
  3631 | D:4      | Found Pumial's Distillery.
  3646 | D:4      | Noticed Menkaure
  3980 | D:4      | HP: 1/28 [orc priest/divine providence (13)]
  3981 | D:4      | Killed from afar by an orc priest

Skill      XL: |  1  2  3  4 |
---------------+-------------+-----
Earth Magic    | 4 5 6 |  6.2
Spellcasting   | 3 |  3.3
Dodging        | |  1.7
Stealth        | |  2.1
Transmutations | |  0.7

Action                   |  1- 3 |  4- 6 || total
-------------------------+-------+-------++-------
Melee: Dagger            |    57 |    87 ||   144
       Unarmed           |     2 |       ||     2
Throw: Stone             |     6 |     5 ||    11
 Cast: Sandblast         |    83 |    74 ||   157
       Stone Arrow       |       |     2 ||     2
  Use: Scroll            |       |     6 ||     6
       Potion            |       |     1 ||     1
  Eat: Meat ration       |     1 |     1 ||     2
       Chunk             |       |     2 ||     2
Armor: Robe              |    44 |    58 ||   102
Dodge: Dodged            |    77 |    73 ||   150
